Map: Tropical Sacrifice

Players

Prometheus - Winner!

  • Race: Zerg Zerg
  • League: Bronze
  • Spawn Location: 1:00

morla

  • Race: Terran Terran
  • League: Bronze
  • Spawn Location: 7:00

VOD

Have the link to the VOD?

Description

Time

  • Played on: Jan. 4, 2023, 9:17 a.m.
  • Length: 9:19
Show
View Real Time Build Order
Export as new Build Order

Prometheus Zerg - Winner!

Build Orders: Hatch First 

Get SALT Encoding   

  12  0:02  Drone  
  13  0:13  Overlord  
  13  0:18  Drone  
  14  0:33  Drone x2  
  16  0:53  Hatchery  
  16  0:55  Drone  
  16  1:01  Drone  
  17  1:07  Drone  
  17  1:08  Drone  
  19  1:12  Extractor  
  18  1:25  Spawning Pool  
  18  1:28  Drone x2  
  19  1:40  Drone  
  20  1:50  Overlord  
  20  2:02  Drone  
  21  2:12  Queen x2  
  21  2:14  Zergling x4  
  27  2:16  Drone  
  28  2:23  Drone  
  28  2:25  Metabolic Boost  
  28  2:27  Drone  
  30  2:33  Drone  
  31  2:38  Drone  
  32  2:46  Overlord  
  32  2:48  Overlord  
  32  2:51  Queen  
  34  2:57  Queen  
  36  3:05  Drone x2  
  38  3:06  Drone  
  38  3:10  Drone  
  40  3:15  Drone  
  41  3:25  Overlord  
  41  3:26  Drone  
  42  3:34  Lair  
  42  3:47  Evolution Chamber  
  42  3:48  Extractor  
  40  3:51  Drone x3  
  40  3:53  Roach Warren  
  40  3:54  Drone x3  
  45  4:05  Drone x3  
  45  4:07  Overlord x2  
  48  4:11  Extractor  
  48  4:12  Drone  
  48  4:23  Zerg Missile Weapons Level 1  
  48  4:25  Drone  
  50  4:31  Drone x3  
  50  4:32  Extractor  
  50  4:33  Overlord x2  
  50  4:35  Drone  
  50  4:36  Drone x2  
  54  4:39  Roach  
  54  4:41  Roach  
  58  4:56  Roach x2  
  62  5:05  Roach x6  
  74  5:07  Overlord  
  74  5:13  Roach  
  76  5:19  Glial Reconstitution  
  76  5:20  Roach  
  76  5:21  Roach  
  80  5:28  Overlord  
  80  5:29  Overlord  
  80  5:31  Roach x4  
  88  5:42  Roach  
  91  5:43  Roach  
  91  5:47  Roach x2  
  95  6:02  Overlord x2  
  95  6:03  Roach  
  95  6:04  Roach x5  
  107  6:15  Overlord x2  
  107  6:17  Zerg Ground Armor Level 1  
  107  6:29  Overlord x6  
  107  6:33  Ravager  
  107  6:34  Ravager x5  
  107  6:37  Roach  
  115  6:54  Drone  
  115  6:55  Drone x2  
  118  7:01  Extractor  
  118  7:04  Extractor, Roach x4, Hatchery  
  85  7:31  Roach x11  
  89  7:57  Roach x9  
  107  8:01  Roach  
  109  8:10  Drone  
  110  8:14  Drone x2  
  112  8:26  Ravager x6  
  119  8:27  Ravager  
  119  8:40  Roach x5  
  119  8:41  Roach x2  
  133  8:46  Drone x5  
Show
View Real Time Build Order
Export as new Build Order

morla Terran 

Build Orders:  

Get SALT Encoding   

  12  0:00  SCV  
  13  0:12  SCV  
  14  0:18  Supply Depot  
  14  0:31  SCV  
  15  0:42  Barracks  
  15  0:44  SCV  
  15  0:48  Refinery  
  16  0:56  SCV  
  17  1:08  SCV  
  18  1:28  SCV  
  18  1:31  Barracks Reactor  
  19  1:35  Supply Depot  
  19  1:41  Orbital Command  
  19  1:58  Command Center  
  19  2:07  Marine x2  
  21  2:12  Refinery  
  21  2:15  SCV  
  22  2:25  Barracks  
  22  2:29  Marine  
  23  2:31  Marine  
  23  2:34  SCV  
  25  2:46  SCV  
  25  2:48  Marine  
  25  2:49  Marine  
  28  2:56  Factory  
  28  2:58  SCV  
  29  3:06  Marine  
  29  3:07  Marine  
  31  3:30  Supply Depot  
  31  3:36  SCV  
  32  3:44  SCV  
  32  3:45  Factory Tech Lab  
  32  3:46  Barracks Tech Lab  
  32  3:48  Marine x2  
  35  3:56  Barracks  
  35  4:01  Refinery  
  35  4:02  SCV x2  
  37  4:05  Marauder  
  37  4:06  Siege Tank  
  37  4:09  Stimpack  
  42  4:16  SCV x2  
  44  4:21  Marine x2  
  46  4:29  Supply Depot  
  46  4:35  Starport  
  46  4:38  Marauder  
  48  4:39  Marine x2  
  48  4:45  Barracks Tech Lab  
  50  4:56  Orbital Command  
  50  4:57  Marine x2  
  50  4:59  Marauder  
  54  5:03  SCV  
  54  5:05  Siege Tank  
  58  5:16  Supply Depot  
  58  5:20  Marauder x2  
  62  5:27  Starport Reactor  
  62  5:37  SCV, Marine x2  
  65  5:43  Marauder  
  65  5:44  Marauder  
  65  5:48  SCV  
  70  5:55  Supply Depot  
  70  6:01  Supply Depot  
  70  6:02  Concussive Shells  
  70  6:06  Combat Shield  
  70  6:16  Marine x2  
  70  6:17  SCV, Medivac x2  
  77  6:23  Supply Depot  
  77  6:27  Supply Depot  
  77  6:31  SCV  
  77  6:32  SCV  
  81  6:40  Marauder x2  
  81  6:47  Medivac x2  
  85  6:49  Marine  
  85  6:51  Marine  
  89  6:57  Siege Tank  
  68  7:29  Siege Tank  
  49  7:56  Marine  
  49  7:57  Marauder, Marine  
  48  8:14  Marine  
  48  8:18  Marauder  
  51  8:25  Siege Tank  
  50  8:29  Marine x2  
  50  8:32  Marine  
  52  8:39  Marauder, Command Center  
  54  8:47  Marine  
Tags
 
Add a new tag
Caveats
  • Supply blocks, unpowered buildings, or Contaminate may cause inaccurate times.
  • Supply counts are checked every 10 seconds.